 Dungeon Crawl Stone Soup version 0.29-a0-495-g17b79114eb (webtiles) character file.

Game seed: 8400910440468283076

19 omnomnOMINOUS the Magician (level 2, 0/18 HPs)
             Began as an Octopode Wanderer on May 28, 2022.
             Slain by a jackal (3 damage)
             ... on level 1 of the Dungeon.
             The game lasted 00:01:54 (447 turns).

omnomnOMINOUS the Magician (Octopode Wanderer)       Turns: 447, Time: 00:01:54

Health: 0/18       AC:  1    Str:  8    XL:     2   Next: 75%
Magic:  6/6        EV: 13    Int: 16    God:
Gold:   23         SH:  0    Dex: 12    Spells: 7/7 levels left

rFire   . . .      SeeInvis .   a - +0 hand crossbow
rCold   . . .      Faith    .   (no shield)
rNeg    . . .      Spirit   .   b - +0 hat
rPois   .          Reflect  .   (no amulet)
rElec   .          Harm     .   (no ring)
rCorr   .          Rampage  .   (no ring)
Will    .....                   (no ring)
Stlth   +++.......              (no ring)
HPRegen 0.06/turn               (no ring)
MPRegen 0.10/turn               (no ring)
                                (no ring)
                                (no ring)

@: no status effects
A: almost no armour, amphibious, 8 rings, camouflage 1, gelatinous body 1,
(nimble swimmer 1), tentacles
a: no special abilities


You were on level 1 of the Dungeon.
You visited 1 branch of the dungeon, and saw 1 of its levels.

You collected 23 gold pieces.

Inventory:

Hand Weapons
 a - a +0 hand crossbow (weapon)
Armour
 b - a +0 hat (worn)
Scrolls
 d - a scroll of poison {unknown}
Potions
 c - a potion of brilliance
 e - a potion of magic {unknown}


   Skills:
 + Level 1.1 Fighting
 - Level 1.0 Crossbows
 - Level 1.0 Throwing
 + Level 1.6 Dodging
 - Level 2.6 Stealth
 + Level 3.2 Spellcasting
 - Level 1.1 Evocations


You had 7 spell levels left.
You didn't know any spells.
Your spell library contained the following spells:

 Spells                   Type           Power      Damage    Failure   Level
 Necrotize                Necr           8%         1d4       19%         1
 Summon Small Mammal      Summ           8%         N/A       19%         1
 Static Discharge         Conj/Air       2%         N/A       28%         2
 Summon Guardian Golem    Hex/Summ       2%         N/A       50%         3


Dungeon Overview and Level Annotations

Branches:
Dungeon (1/15)

Altars:


Innate Abilities, Weirdness & Mutations

You cannot wear most types of armour.
You are amphibious.
You can wear up to eight rings at the same time.
Your skin changes colour to match your surroundings (Stealth+).
Your rubbery body absorbs attacks. (AC +1, EV +1)
((You are camouflaged when in or above water. (Stealth+)))
You have tentacles for arms and can constrict up to eight enemies at once.


Message History

Shoot: a) +0 hand crossbow
Press: ? - help, Q - select action Shift-Dir - straight line, f/p - endoplasm
Aim: an endoplasm (lightly wounded, 85% to hit)
You shoot a bolt. The bolt hits the endoplasm!
You kill the endoplasm!
Shoot: a) +0 hand crossbow
Press: ? - help, Q - select action Shift-Dir - straight line, f - ball python
Aim: a ball python (asleep, 98% to hit)
You shoot a bolt. The bolt hits the ball python.
You kill the ball python!
A jackal comes into view.
You shoot a bolt. The bolt hits the jackal.
The jackal barks!
The jackal is almost dead.
You hear a bark! x2; You hear a shout!
A jackal comes into view.
You shoot a bolt. The bolt barely misses the jackal. x2
You shoot a bolt. The bolt hits the jackal.
You kill the jackal!
You shoot a bolt. The bolt hits the jackal.
The jackal is moderately wounded.
A jackal comes into view.
You shoot a bolt. The bolt barely misses the jackal.
The jackal bites you. x2
You shoot a bolt. The bolt barely misses the jackal.
The bolt hits the jackal!
You kill the jackal!
The jackal misses you. The jackal bites you.
You shoot a bolt. The bolt hits the jackal.
The jackal is almost dead.
The jackal misses you. The jackal bites you.
Shoot: a) +0 hand crossbow
Press: ? - help, Q - select action Shift-Dir - straight line, f/p - jackal
Aim: a jackal (almost dead, 50% to hit)
You shoot a bolt.
The bolt hits the jackal but does no damage.
The jackal is almost dead.
The jackal bites you. x2
* * * LOW HITPOINT WARNING * * *
A rat comes into view.
The jackal bites you.
You die...

..##. ........ #.#....
......r..
#.#.÷..#......... . #
#.##÷............
.####.##.......#....†...
........). .......†....
≈##...##.#####..........
≈##..........†...h......
≈...#........##.@.......
≈# ##.......##.........
≈# #.......###........
≈#####.......# ##.......
≈##..........# ###....
≈##.##.......# .†..
≈......[.....# ...
≈............... ..
................


You could see a jackal and a rat (wandering).

Vanquished Creatures
  5 ball pythons (D:1)
  3 endoplasms (D:1)
  6 jackals (D:1)
  A bat (D:1)
  A frilled lizard (D:1)
16 creatures vanquished.

Notes
Turn   | Place    | Note
-------+----------+-------------------------------------------
     0 | D:1      | omnomnOMINOUS the Octopode Wanderer began the quest for the
                  | Orb.
     0 | D:1      | omnomnOMINOUS set off with the following items: a +0 hand
                  | crossbow, a +0 hat, a potion of brilliance; and the
                  | following spells available to memorise: Necrotize, Summon
                  | Small Mammal, Static Discharge, Summon Guardian Golem
     0 | D:1      | Reached XP level 1. HP: 11/11 MP: 4/4
   131 | D:1      | Reached XP level 2. HP: 18/18 MP: 6/6
   150 | D:1      | Reached skill level 1 in Fighting
   447 | D:1      | Slain by a jackal

Illustrated notes

Levels and vault maps discovered:
D:1:      nzn_arrival_water_spiral, layout_rooms,
          hellmonk_ecumenical_altar_prayer_group

Skill      XL: |  1  2 |
---------------+-------+-----
Fighting       | 1 |  1.1
Crossbows      | |  1.0
Throwing       | |  1.0
Dodging        | |  1.6
Stealth        | |  2.6
Spellcasting   | |  3.2
Evocations     | |  1.1

Action                   || total
-------------------------++-------
 Fire: Hand crossbow     ||    42
Armor: Skin              ||     3
Dodge: Dodged            ||    18

Table legend: (Time is in decaauts)
 A = Elapsed time spent in this place.
 B = Non-inter-level travel time spent in this place.
 C = Inter-level travel time spent in this place.
 D = Time resting spent in this place.
 E = Time spent auto-exploring this place.
 F = Levels seen in this place.
 G = Mean time per level.
                   A        B        C        D        E       F      G
               +--------+--------+--------+--------+--------+-----+--------+
         Total |    465 |    465 |      0 |    278 |    102 |   1 |  465.0 |
       Dungeon |    465 |    465 |      0 |    278 |    102 |   1 |  465.0 |
               +--------+--------+--------+--------+--------+-----+--------+

Top non-repeatable levels by time:
     D:1: 465 daAuts
